 Dungeon Crawl Stone Soup version 0.30.0 (webtiles) character file.

Game seed: 17992759841843328391

28893 CrazyBamboolord the Destroyer (level 13, -5/108 HPs)
             Began as a Green Draconian Conjurer on May 6, 2023.
             Was an Elder of Vehumet.
             Hit by a javelin thrown by Urug (15 damage)
             ... on level 2 of the Lair of Beasts.
             The game lasted 00:58:49 (19977 turns).

CrazyBamboolord the Destroyer (DrCj)               Turns: 19977, Time: 00:58:50

Health: -5/108     AC: 14    Str: 11    XL:     13   Next: 12%
Magic:  17/27      EV: 13    Int: 26    God:    Vehumet [****..]
Gold:   841        SH:  0    Dex:  9    Spells: 9/33 levels left

rFire   + . .        B - +1 mace (protect)
rCold   + . .        f - +2 buckler
rNeg    + . .        (body armour unavailable)
rPois   +            t - +2 hat {Int+3}
rElec   .            C - scarf {rC+ rF+}
rCorr   +            i - +1 pair of gloves "Hero's Friend" {rCorr}
SInv    .            b - +1 pair of boots
Will    +....        (no amulet)
Stlth   +            p - ring of positive energy
HPRegen 0.38/turn    c - ring of willpower
MPRegen 0.20/turn

%: no passive effects
@: confused, ambrosia-drunk
A: breathe noxious fumes, AC +8, unfitting armour, poison resistance,
cold-blooded
a: Breathe Noxious Fumes, Renounce Religion


You were on level 2 of the Lair of Beasts.
You worshipped Vehumet.
Vehumet was greatly pleased with you.
You visited 3 branches of the dungeon, and saw 16 of its levels.
You also visited: Volcano.

You collected 1235 gold pieces.
You spent 394 gold pieces at shops.

Inventory:

Hand Weapons
 B - a +1 mace of protection (weapon)
Missiles
 r - a throwing net
Armour
 b - a +1 pair of boots (worn)
 f - a +2 buckler (worn)
 i - the +1 pair of gloves "Hero's Friend" (worn) {rCorr}
   (You acquired it on level 1 of the Lair of Beasts)

   rCorr:     It protects you from acid and corrosion.
 q - a +0 cloak
 t - a +2 hat of intelligence (worn)
 C - a scarf of resistance (worn)
Magical Staves
 h - a staff of air
Jewellery
 c - a ring of willpower (right hand)
 j - a ring of ice
 p - a ring of positive energy (left hand)
 x - a ring of see invisible
 N - a ring of wizardry
Wands
 d - a wand of light (12)
 G - a wand of flame (14)
 H - a wand of digging (1)
 J - a wand of mindburst (7)
Scrolls
 g - a scroll of fear
 k - 4 scrolls of magic mapping
 s - 3 scrolls of immolation
 v - 2 scrolls of amnesia
 z - 2 scrolls of noise
 A - 2 scrolls of enchant weapon {unknown}
 K - 2 scrolls of poison {unknown}
 L - a scroll of enchant armour {unknown}
 M - a scroll of summoning {unknown}
Potions
 a - a potion of attraction
 e - 2 potions of heal wounds {unknown}
 l - 2 potions of might {unknown}
 m - a potion of haste {unknown}
 n - 4 potions of brilliance
 o - 2 potions of berserk rage {unknown}
 u - 6 potions of ambrosia
 w - 4 potions of cancellation {unknown}
 E - a potion of flight {unknown}
 F - a potion of lignification {unknown}
 I - 3 potions of mutation {unknown}
Miscellaneous
 y - a box of beasts


   Skills:
 * Level 8.3 Fighting
 * Level 7.9 Dodging
 + Level 4.1 Stealth
 * Level 7.0 Shields
 * Level 10.7 Spellcasting
 * Level 11.3 Conjurations
 - Level 3.2 Translocations
 * Level 5.6 Air Magic
 * Level 5.9 Earth Magic


You had 9 spell levels left.
You knew the following spells:

 Your Spells              Type           Power      Damage    Failure   Level
a - Magic Dart            Conj           100%       1d8       1%          1
b - Searing Ray           Conj           100%       2d8       1%          2
c - Iskenderun's Mystic   Conj/Tloc      51%        2d11      1%          4
d - Apportation           Tloc           60%        N/A       1%          1
e - Shock                 Conj/Air       100%       1d9       1%          1
f - Dazzling Flash        Conj/Hex       86%        N/A       1%          3
g - Stone Arrow           Conj/Erth      100%       3d13      1%          3
h - Airstrike             Air            21%        2d(4-20)  1%          4
i - Lee's Rapid Deconstr  Erth           22%        3d12*     4%          5

Your spell library contained the following spells:

 Spells                   Type           Power      Damage    Failure   Level
 Sandblast                Erth           88%        2d18      1%          1
 Flame Wave               Conj/Fire      43%        2d11      1%          4
 Fulminant Prism          Conj/Hex       21%        3d12      1%          4
 Sticky Flame             Conj/Fire      43%        2d6       1%          4
 Passwall                 Tmut/Erth      24%        N/A       2%          2
 Inner Flame              Hex/Fire       13%        N/A       4%          3
 Necrotise                Necr           52%        1d6       5%          1
 Summon Small Mammal      Summ           52%        N/A       5%          1
 Leda's Liquefaction      Hex/Erth       14%        N/A       17%         4
 Statue Form              Tmut/Erth      19%        N/A       95%         6


Dungeon Overview and Level Annotations

Branches:
Dungeon (13/15)            Temple (1/1) D:5            Lair (2/5) D:9
  Swamp (0/4) Lair:2        Snake (0/4) Lair:2          Orc (0/2) D:11
Volcano (visited)
 Vaults: D:13-14

Altars:
Cheibriados
Dithmenos
Elyvilon
Nemelex Xobeh
Okawaru
Qazlal
Ru
Sif Muna
Vehumet
Xom
Yredelemnul
The Shining One
Lugonu

Shops:
D:1 *   D:4 *   D:7 ***

Annotations:
Lair:2 Urug


Innate Abilities, Weirdness & Mutations

You can breathe blasts of noxious fumes.
Your lurid green scales are hard. (AC +8)
You cannot fit into any form of body armour.
Your system is resistant to poisons. (rPois)
You are cold-blooded and may be slowed by cold attacks.


Message History

The naga is heavily wounded.
The naga is knocked back by the mystic blast.
The mystic blast hits Urug.
Urug is moderately wounded.
Urug is knocked back by the mystic blast.
Urug slams into the rock wall!
Urug is heavily wounded.
You feel sick.
Unknown command.
Okay, then.
You feel sick.
You see here a black mamba corpse.
Aiming: Dig
Press: ? - help, Shift-Dir - straight line A rock wall.
The rock shatters into small pieces.
You feel sick.
Urug hits you with a +4 eveningstar of protection!
The naga spits poison at you.
The splash of poison hits you but does no damage.
You are more poisoned.
You resist. Urug attacks as you move away!
Urug hits you with a +4 eveningstar of protection!
You feel sick.
You feel sick.
Unknown command.
You feel sick.
Urug throws a javelin.
The javelin pierces through you!!
* * * LOW HITPOINT WARNING * * *
You feel sick.
You feel better. Urug attacks as you move away!
Urug hits you with a +4 eveningstar of protection!!
* * * LOW HITPOINT WARNING * * *
Urug throws a javelin.
The javelin pierces through you!!
* * * LOW HITPOINT WARNING * * *
You are confused.
You feel invigorated.
Unknown command.
Urug throws a javelin.
The javelin pierces through you!
You die...

## ##.# ##@# ##.## ####
##o## ...# ##N## ****
...# #### ##.## *,,*
..####..###.#≈#####,,*
....##...N†#≈≈≈....,**
.N.N.N..†...≈≈.....,,*
#..........#≈≈###...,**


You could see Urug and 2 nagas.

Vanquished Creatures
  A two-headed ogre (D:8)
  2 skysharks
  Lodul (D:12)
  A deep elf archer (Volcano)
  6 deep elf pyromancers
  3 elephants (Lair:1)
  A manticore (D:11)
  A black mamba (Lair:2)
  2 cane toads (Lair:1)
  A gargoyle (D:12)
  3 kobold demonologists (D:10)
  4 komodo dragons
  3 trolls
  3 meliai (D:12)
  A polar bear (Lair:1)
  A queen bee (D:12)
  A hornet (D:8)
  21 slime creatures
  Sigmund (D:3)
  2 shadows (D:12)
  A wraith (D:11)
  2 wyverns
  Eustachio (D:6)
  25 yaks
  A vampire (D:12)
  2 fire elementals (Volcano)
  4 steam dragons
  2 basilisks (D:9)
  2 nagas (Lair:2)
  14 water moccasins
  3 acid dragons
  6 hell hounds (Volcano)
  2 sky beasts (D:7)
  8 orc warriors
  4 black bears
  8 ogres
  3 wolves (Lair:1)
  3 centaurs
  A phantom (D:7)
  A kobold brigand (D:7)
  7 bullfrogs
  2 scorpions
  A gnoll sergeant (D:9)
  24 killer bees
  An electric eel (D:8)
  3 howler monkeys
  7 hounds
  2 jellies (D:8)
  Crazy Yiuf (D:2)
  A gnoll bouda (D:7)
  6 orc priests
  A sleepcap (D:5)
  3 iguanas
  10 orc wizards
  6 adders
  11 gnolls
  A shadow imp (D:6)
  2 white imps
  A worm (D:4)
  4 dart slugs
  39 orcs
  8 bats
  3 endoplasms
  2 giant cockroaches
  6 goblins
  4 hobgoblins
  4 jackals (D:1)
  14 kobolds
  3 quokkas
  9 ball pythons
  3 frilled lizards
  10 rats
351 creatures vanquished.

Vanquished Creatures (others)
  A deep elf pyromancer (Volcano)
  An orc (D:9)
  A bush (D:9)
  A demonic plant (D:10)
  11 fungi
  38 plants
53 creatures vanquished.

Grand Total: 404 creatures vanquished

Notes
Turn   | Place    | Note
-------+----------+-------------------------------------------
     0 | D:1      | CrazyBamboolord the Draconian Conjurer began the quest for
                  | the Orb.
     0 | D:1      | Reached XP level 1. HP: 14/14 MP: 3/3
   231 | D:1      | Reached XP level 2. HP: 19/20 MP: 0/5
   358 | D:1      | Found Qiuxkee's General Store.
  1015 | D:1      | Reached XP level 3. HP: 27/27 MP: 0/6
  1018 | D:1      | Learned a level 2 spell: Searing Ray
  1912 | D:2      | Found a runed translucent door.
  1913 | D:2      | Noticed Crazy Yiuf
  1920 | D:2      | Killed Crazy Yiuf
  1921 | D:2      | Reached skill level 1 in Fighting
  1921 | D:2      | Reached XP level 4. HP: 30/35 MP: 1/7
  2121 | D:3      | Reached skill level 5 in Conjurations
  2664 | D:3      | Reached XP level 5. HP: 40/40 MP: 3/8
  2799 | D:3      | Noticed Sigmund
  2810 | D:3      | Killed Sigmund
  2811 | D:3      | Reached skill level 1 in Shields
  2811 | D:3      | Reached XP level 6. HP: 35/48 MP: 1/10
  3480 | D:4      | Found a sparkling altar of Nemelex Xobeh.
  3830 | D:4      | Found Dolaest's Elemental Accessories.
  3865 | D:4      | Reached skill level 6 in Conjurations
  3868 | D:4      | Your scales start taking on a lurid green colour.
  3868 | D:4      | Reached XP level 7. HP: 45/55 MP: 0/12
  3868 | D:4      | Gained mutation: Your system is resistant to poisons.
                  | (rPois) [Green Draconian growth]
  4282 | D:4      | Found a shadowy altar of Dithmenos.
  4285 | D:4      | You fall into a shaft and drop 3 floors!
  4370 | D:7      | Found Baddalog's Neck Hole.
  4553 | D:7      | Noticed a steam dragon
  4564 | D:7      | Killed a steam dragon
  4565 | D:7      | Reached XP level 8. HP: 11/63 MP: 5/14
  5125 | D:5      | Entered Level 5 of the Dungeon
  5325 | D:5      | Reached skill level 5 in Spellcasting
  5375 | D:5      | Found a shimmering altar of Xom.
  5396 | D:5      | Reached skill level 5 in Dodging
  5430 | D:5      | Found a staircase to the Ecumenical Temple.
  5491 | Temple   | Entered the Ecumenical Temple
  5522 | Temple   | Became a worshipper of Vehumet
  6598 | D:5      | Reached skill level 7 in Conjurations
  6751 | D:6      | Found an iron altar of Okawaru.
  7029 | D:6      | Noticed Eustachio
  7039 | D:6      | Killed Eustachio
  7040 | D:6      | Reached XP level 9. HP: 71/71 MP: 5/17
  7429 | D:6      | Learned a level 4 spell: Iskenderun's Mystic Blast
  7431 | D:6      | Learned a level 1 spell: Apportation
  7679 | D:7      | Bought a scarf of resistance for 352 gold pieces
  7893 | D:7      | Reached * piety under Vehumet
  7893 | D:7      | Offered knowledge of Shock by Vehumet.
  7900 | D:7      | Learned a level 1 spell: Shock
  8066 | D:7      | Found Arrun's General Store.
  8070 | D:7      | Found Pobu's Specific Store.
  8076 | D:7      | Bought a potion of curing for 42 gold pieces
  8375 | D:8      | Noticed a two-headed ogre
  8391 | D:8      | Killed a two-headed ogre
  8392 | D:8      | Reached skill level 8 in Conjurations
  8392 | D:8      | Reached skill level 1 in Translocations
  8392 | D:8      | Reached skill level 1 in Air Magic
  8641 | D:8      | Reached skill level 5 in Fighting
  8742 | D:8      | Paralysed by a hornet for 2 turns
  9119 | D:8      | Reached XP level 10. HP: 81/81 MP: 15/20
  9234 | D:8      | Found a stormy altar of Qazlal.
  9361 | D:8      | Identified the +0 robe "Risor" {rN+ Str+3 Dex+3 Stlth+}
  9919 | D:9      | Found a basalt altar of Yredelemnul.
  9998 | D:9      | Found a glowing golden altar of the Shining One.
 10046 | D:9      | Found a snail-covered altar of Cheibriados.
 10597 | D:9      | Found a staircase to the Lair.
 10688 | D:9      | Reached skill level 9 in Conjurations
 11156 | D:9      | Learned a level 3 spell: Dazzling Flash
 11160 | D:9      | Learned a level 3 spell: Stone Arrow
 11409 | D:10     | Entered Level 10 of the Dungeon
 11503 | D:10     | Reached skill level 5 in Shields
 11503 | D:10     | Reached skill level 1 in Earth Magic
 11559 | D:10     | Found a corrupted altar of Lugonu.
 11772 | D:10     | Reached ** piety under Vehumet
 11772 | D:10     | Offered knowledge of Poisonous Vapours by Vehumet.
 12085 | D:10     | Reached XP level 11. HP: 77/89 MP: 13/23
 12262 | D:11     | Found a staircase to the Orcish Mines.
 14019 | D:12     | Noticed a deep elf pyromancer
 14025 | D:12     | Killed a deep elf pyromancer
 14026 | D:12     | Reached skill level 10 in Conjurations
 14028 | D:12     | Offered knowledge of Mephitic Cloud by Vehumet.
 14331 | D:12     | Noticed Lodul
 14577 | D:11     | Reached *** piety under Vehumet
 15388 | D:12     | Reached XP level 12. HP: 97/97 MP: 20/25
 15389 | D:12     | Offered knowledge of Airstrike by Vehumet.
 15393 | D:12     | Killed Lodul
 15406 | D:12     | Learned a level 4 spell: Airstrike
 16388 | D:12     | Reached skill level 5 in Air Magic
 16397 | D:12     | Reached **** piety under Vehumet
 16404 | D:12     | Offered knowledge of Sticky Flame by Vehumet.
 17129 | D:12     | Learned a level 5 spell: Lee's Rapid Deconstruction
 17224 | Lair:1   | Entered Level 1 of the Lair of Beasts
 17264 | Lair:1   | Reached skill level 10 in Spellcasting
 17349 | Lair:1   | Identified a scroll of acquirement
 17350 | Lair:1   | Acquired the +1 pair of gloves "Hero's Friend" {rCorr}
 17602 | Lair:1   | Reached skill level 5 in Earth Magic
 18403 | Lair:1   | Reached skill level 11 in Conjurations
 18756 | Lair:2   | Noticed Urug
 18759 | Lair:2   | Found a dark tunnel.
 18768 | Volcano  | Entered a volcano
 19274 | Volcano  | Reached XP level 13. HP: 107/107 MP: 16/27
 19975 | Lair:2   | HP: 2/108 [Urug/javelin (20)]
 19977 | Lair:2   | Hit by a javelin thrown by Urug

Illustrated notes

Levels and vault maps discovered:
D:1:      lemuel_arrival_behind_the_door_large, layout_basic, serial_shops,
          nicolae_shop_tiny_glass
D:2:      layout_loops_ring, dk_noncrumbling_3, chequers_serial_rivers_micro_d,
          uniq_crazy_yiuf_cottage
D:3:      layout_loops_corners, minmay_misc_feat_secret_circle, uniq_sigmund
D:4:      layout_cave_pools, mainiacjoe_overflow_brackets,
          nemelex_spade_bored_becter, minmay_misc_feat_doors,
          serial_bayou_pond_a, nicolae_elemental_shop, minmay_misc_feat_roman
D:5:      layout_basic, mainiacjoe_overflow_alcove_4,
          minmay_temple_entry_large_hall
D:6:      layout_rooms, okawaru_gym_becter, uniq_eustachio
D:7:      layout_rooms, minmay_misc_feat_columns,
          chequers_serial_rivers_small_b, nicolae_specific_store,
          nicolae_shop_sticking_my_neck_out
D:8:      cheibrodos_helix_gallery, layout_loops_corners, grunt_qazlal_clouds
D:9:      layout_cave_pods, kennysheep_slug_shrine, tso_metal_star,
          nicolae_overflow_crystal_walls, minmay_lair_entry_grove,
          evilmike_butchery
D:10:     kennysheep_kobold_lugonu_temple, layout_basic,
          nicolae_figureground_pulse
D:11:     layout_irregular_city, david_orc_3, minmay_misc_feat_hallway
D:12:     layout_grid_maze, special_room [special_room_bee], uniq_lodul
D:13:     orc_temple, layout_loops_ring, dancing_weapons_uskayaw
Temple:   jpeg_temple_clearing
Lair:1:   layout_long_grid, hibernation_bobbens
Lair:2:   layout_gridlike, palyth_hydra_swamp_entry,
          minmay_snake_entry_guardpost_medium, nicolae_volcano_entry_two_sided,
          uniq_nergalle, uniq_erica, uniq_urug

Skill      XL: |  1  2  3  4  5  6  7  8  9 10 11 12 13 |
---------------+----------------------------------------+-----
Stealth        | 2 3 4 |  4.1
Dodging        | 2 3 4 5 6 7 |  7.9
Fighting       | 1 2 3 4 5 6 8 |  8.3
Conjurations   | 5 6 7 8 9 10 11 | 11.3
Shields        | 1 2 3 4 5 6 7 |  7.0
Spellcasting   | 3 4 5 7 8 9 10 | 10.7
Translocations | 2 3 |  3.2
Air Magic      | 1 2 4 5 |  5.6
Earth Magic    | 1 3 5 |  5.9

Action                     |  1- 3 |  4- 6 |  7- 9 | 10-12 | 13-15 || total
---------------------------+-------+-------+-------+-------+-------++-------
  Melee: Unarmed           |    17 |       |       |       |       ||    17
         Hand axe          |    24 |    49 |    24 |       |       ||    97
         Tailslap          |     3 |     4 |     6 |    17 |     3 ||    33
         Mace              |       |       |     4 |   108 |    12 ||   124
   Cast: Magic Dart        |    60 |    99 |    57 |     1 |       ||   217
         Searing Ray       |     1 |     6 |    73 |    64 |       ||   144
         Shock             |       |       |     9 |    29 |       ||    38
         Stone Arrow       |       |       |       |   262 |       ||   262
         Iskenderun's Myst |       |       |       |    30 |     3 ||    33
         Lee's Rapid Decon |       |       |       |     3 |    18 ||    21
Ability: Breathe Noxious F |       |       |     9 |     3 |       ||    12
  Evoke: Wand              |       |       |       |       |     1 ||     1
    Use: Scroll            |     2 |       |     2 |    13 |     1 ||    18
         Potion            |       |       |       |    11 |     2 ||    13
   Stab: Sleeping          |       |       |       |     1 |       ||     1
 Armour: Skin              |    28 |    59 |    38 |   152 |    20 ||   297
  Dodge: Dodged            |    53 |    50 |    52 |   240 |    16 ||   411
  Block: Buckler           |     8 |    20 |    39 |   144 |    16 ||   227
